 Dungeon Crawl Stone Soup version 0.19-a0-1111-gcceb26a (webtiles) character file.

224 epen the Ducker (level 5, -2/28 HPs)
             Began as a Spriggan Abyssal Knight on Aug 10, 2016.
             Was a Priest of Lugonu.
             Slain by an ogre
             ... wielding a +0 giant spiked club
              (22 damage)
             ... on level 3 of the Dungeon.
             The game lasted 00:06:16 (4087 turns).

epen the Ducker (Spriggan Abyssal Knight)           Turns: 4087, Time: 00:06:17

Health: -2/28      AC:  2    Str:  8    XL:     5   Next: 67%
Magic:  8/8        EV: 20    Int: 14    God:    Lugonu [***...]
Gold:   82         SH:  0    Dex: 16    Spells: 0 memorised, 4 levels left

rFire  . . .     SeeInvis +     a - +1 short sword
rCold  . . .     Gourm    .     b - +0 robe
rNeg   + . .     Faith    .     (shield restricted)
rPois  .         Spirit   .     (helmet restricted)
rElec  .         Dismiss  .     (no cloak)
rCorr  .         Reflect  .     (gloves unavailable)
SustAt .         Harm     .     (boots unavailable)
MR     .....                    (no amulet)
Stlth  +++.......               (no ring)
                                l - ring of positive energy

@: very quick
A: unfitting armour, see invisible, herbivore 3, speed 3, slow metabolism 2
a: Depart the Abyss, Bend Space, Banish, Renounce Religion


You were on level 3 of the Dungeon.
You worshipped Lugonu.
Lugonu was most pleased with you.
You were full.

You visited 1 branch of the dungeon, and saw 3 of its levels.
You visited the Abyss 1 time.

You collected 82 gold pieces.

Inventory:

Hand Weapons
 a - a +1 short sword (weapon)
Armour
 b - a +0 robe (worn)
Jewellery
 l - a ring of positive energy (left hand)
 n - an uncursed ring of resist corrosion {unknown}
Scrolls
 e - a scroll of enchant weapon {unknown}
 f - a scroll of immolation {unknown}
 g - 3 scrolls of teleportation {unknown}
 i - a scroll of amnesia {unknown}
 j - 3 scrolls of identify {unknown}
 m - a scroll of remove curse {unknown}
Potions
 d - a potion of curing
 h - 3 potions of flight {unknown}
 k - a potion of invisibility {unknown}
Comestibles
 c - a bread ration


   Skills:
 + Level 3.0 Fighting
 * Level 3.8 Short Blades
 + Level 4.6 Dodging
 + Level 3.0 Stealth
 * Level 3.4 Invocations


You had 4 spell levels left.
You didn't know any spells.

Dungeon Overview and Level Annotations

Branches:
Dungeon (3/15)

Altars:
Elyvilon
Qazlal

Annotations:
D:3 Purgy


Innate Abilities, Weirdness & Mutations

You are tiny and cannot use many weapons and most armour.
You have supernaturally acute eyesight. (SInv)
You are a herbivore.
You cover ground extremely quickly.
You need consume almost no food.


Message History

The gnoll is almost dead.
You hit the gnoll.
You kill the gnoll!
Lugonu accepts your kill.
You barely miss the ogre. The ogre closely misses you.
You hit the ogre.
The ogre is lightly wounded.
You hit the ogre.
The ogre is moderately wounded.
The ogre misses you.
You hit the ogre.
The ogre is heavily wounded.
The ogre closely misses you.
You barely miss the ogre.
The ogre is heavily wounded.
You hit the ogre.
The ogre is heavily wounded.
The ogre hits you with a giant spiked club!!
Ouch! That really hurt!
You die...

####J.....)....###
#.####.####...#
##J##.....##...#
#..#.......#.#.#
#..#.......#.#.#
#......_.....#.#
#..#.......#.#.#
.....#..[....#.#.#
####.##.....##.#@#
#.####.####.#O#
#...........#.#
#.####......<.# #
#.####.#####..#
.###.##...# #..#
..........# #..#
#T##.##.#.# #.##
#.##....#.#####.#


You could see an ogre.

Vanquished Creatures
  An orc wizard (D:3)
  4 gnolls (D:3)
  7 adders
  An ooze (D:2)
  2 worms (D:2)
  2 dart slugs (D:1)
  5 giant geckos
  5 orcs (D:3)
  2 ball pythons (D:1)
  2 giant cockroaches (D:2)
  9 goblins
  8 hobgoblins
  5 jackals (D:3)
  A quokka (D:3)
  7 bats
  4 giant newts
  8 kobolds
  3 rats
76 creatures vanquished.

Notes
Turn   | Place    | Note
-------+----------+-------------------------------------------
     0 | Abyss:1  | epen the Spriggan Abyssal Knight began the quest for the Orb.
     0 | Abyss:1  | Reached XP level 1. HP: 11/11 MP: 3/3
     9 | Abyss:1  | Noticed a boulder beetle
    10 | Abyss:1  | Noticed a smoke demon
    13 | Abyss:1  | Noticed a large abomination
    17 | Abyss:1  | Found a corrupted altar of Lugonu.
    36 | Abyss:1  | Noticed an iron imp
    36 | Abyss:1  | Noticed a thrashing horror
    41 | D:1      | Escaped the Abyss
   574 | D:1      | Reached XP level 2. HP: 16/16 MP: 4/4
   576 | D:1      | Reached * piety under Lugonu
   587 | D:1      | Reached skill level 4 in Dodging
  1377 | D:1      | Reached XP level 3. HP: 19/19 MP: 5/5
  1842 | D:2      | Reached skill level 1 in Stealth
  2075 | D:2      | Found a white marble altar of Elyvilon.
  2231 | D:2      | Reached ** piety under Lugonu
  2285 | D:2      | Reached XP level 4. HP: 22/23 MP: 7/7
  2648 | D:3      | Found a stormy altar of Qazlal.
  3360 | D:3      | Reached XP level 5. HP: 21/28 MP: 8/8
  3511 | D:3      | Noticed Purgy
  3804 | D:3      | Noticed an ogre
  3926 | D:3      | Reached *** piety under Lugonu
  4087 | D:3      | Slain by an ogre

Vault maps used:
D:1:      dpeg_arrival_central
D:2:      elyvilon_altar_3
D:3:      old_standard_altar, first_bread, uniq_crazy_yiuf_cottage, uniq_purgy

Skill      XL: |  1  2  3  4  5 |
---------------+----------------+-----
Invocations    | 2 3 |  3.4
Dodging        | 4 |  4.6
Stealth        | 1 2 3 |  3.0
Short Blades   | 3 |  3.8
Fighting       | 3 |  3.0

Action                   |  1- 3 |  4- 6 || total
-------------------------+-------+-------++-------
Melee: Short sword       |   177 |   244 ||   421
Invok: Depart the Abyss  |     1 |       ||     1
       Bend Space        |       |     1 ||     1
  Use: Potion            |       |     2 ||     2
 Stab: Sleeping          |     2 |       ||     2
  Eat: Bread ration      |       |     1 ||     1
Armor: Robe              |     7 |    16 ||    23
Dodge: Dodged            |   139 |   192 ||   331
